 Dungeon Crawl Stone Soup version 0.28.0-53-g5a82cb258f (webtiles) character file.

Game seed: 4582700001316484047

1893 Cape the Cleaver (level 8, 0/109 HPs)
             Began as a Minotaur Berserker on Aug 20, 2022.
             Was a Priest of Trog.
             Slain by an orc warrior
             ... wielding a +0 long sword
              (15 damage)
             ... on level 6 of the Dungeon.
             The game lasted 00:22:16 (7212 turns).

Cape the Cleaver (Minotaur Berserker)               Turns: 7212, Time: 00:22:16

Health: 0/109      AC:  6    Str: 23    XL:     8   Next: 93%
Magic:  7/7        EV: 16    Int:  4    God:    Trog [***...]
Gold:   56         SH:  3    Dex: 11    Spells: 7/7 levels left

rFire   . . .      SeeInvis .   w - +2 falchion
rCold   . . .      Faith    .   u - +0 buckler
rNeg    . . .      Spirit   .   v - +0 ring mail
rPois   .          Reflect  .   (helmet restricted)
rElec   .          Harm     .   (no cloak)
rCorr   .          Rampage  .   (no gloves)
Will    .....                   (no boots)
Stlth   ..........              (no amulet)
HPRegen 0.28/turn               q - +4 ring of evasion
MPRegen 0.10/turn               (no ring)

@: berserking, very quick
A: horns 2, retaliatory headbutt
a: Renounce Religion, Berserk, Trog's Hand


You were on level 6 of the Dungeon.
You worshipped Trog.
Trog was most pleased with you.
You visited 1 branch of the dungeon, and saw 6 of its levels.

You collected 290 gold pieces.
You spent 234 gold pieces at shops.

Inventory:

Hand Weapons
 a - a +0 hand axe
 k - a +0 hand axe of freezing
 w - a +2 falchion (weapon)
Armour
 j - a +0 leather armour
 u - a +0 buckler (worn)
 v - a +0 ring mail (worn)
Jewellery
 q - a +4 ring of evasion (left hand)
Scrolls
 b - 3 scrolls of blinking
 c - 2 scrolls of fear
 d - 2 scrolls of amnesia {unknown}
 e - 2 scrolls of enchant weapon {unknown}
 f - 4 scrolls of identify
 g - 4 scrolls of teleportation
 i - a scroll of holy word {unknown}
 l - 5 scrolls of immolation
 m - a scroll of magic mapping {unknown}
 n - 2 scrolls of vulnerability {unknown}
 o - a scroll of silence {unknown}
 p - a scroll of torment {unknown}
 r - a scroll of fog {unknown}
 t - a scroll of noise
Potions
 h - 2 potions of curing
 s - 2 potions of mutation
 x - a potion of attraction {unknown}


   Skills:
 + Level 7.2 Fighting
 * Level 9.4 Axes
 + Level 6.7 Armour
 + Level 6.1 Dodging


You had 7 spell levels left.
You didn't know any spells.
Your spell library was empty.

Dungeon Overview and Level Annotations

Branches:
Dungeon (6/15)             Temple (0/1) D:5

Altars:
Elyvilon
Gozag
Makhleb
Xom
The Shining One

Shops:
D:5 ?

Annotations:
D:6 Dowan, Duvessa


Innate Abilities, Weirdness & Mutations

You have a pair of horns on your head.
You reflexively headbutt those who attack you in melee.


Message History

The orc drinks a potion.
The orc seems to grow stronger.
The orc warrior misses you. You furiously retaliate!
You headbutt the orc warrior, but do no damage.
You hit the orc wizard.
The orc wizard is lightly wounded.
The orc wizard hits you with a +0 dagger.
* * * LOW HITPOINT WARNING * * *
The orc warrior hits you with a +0 long sword.
* * * LOW HITPOINT WARNING * * *
The orc wizard barely misses you.
You feel better. The orc barely misses you. You furiously retaliate!
You headbutt the orc. The orc warrior misses you.
The orc wizard hits you but does no damage.
A red film seems to cover your vision as you go berserk!
You feel yourself moving faster!
You feel mighty! You block the orc's attack.
The orc warrior hits you with a +0 long sword!
* * * LOW HITPOINT WARNING * * *
The orc wizard hits you with a +0 dagger.
* * * LOW HITPOINT WARNING * * *
You are too injured to fight recklessly!
You are too injured to fight recklessly!
You are too injured to fight recklessly!
You are too injured to fight recklessly!
You slash the orc wizard!
The orc wizard is severely wounded.
The orc completely misses you.
The orc warrior hits you with a +0 long sword.
* * * LOW HITPOINT WARNING * * *
The orc wizard completely misses you. You furiously retaliate!
You headbutt the orc wizard. You slash the orc wizard!
You kill the orc wizard!
Trog accepts your kill.
Trog appreciates your killing of a magic user.
The orc closely misses you. The orc warrior closely misses you.
You completely miss the orc.
The orc is heavily wounded.
The orc closely misses you.
The orc warrior hits you with a +0 long sword!
You die...

### ..# .. #.# .| ..#
#.# ..# ###########
#.#######.........##
..##...o..####.o)..##
#......####
###@...########## #
.....###
##.o...........####
#...##
#..................
..###
##..###...#####.....
#.# ##..## #..##
##.... ..# ##..##
#.(# #.... ### ##..##
#.## ##... ##..## ###
#... ###..## #...


You could see an orc warrior and an orc (strong).

Vanquished Creatures
  Sigmund (D:3)
  The ghost of raistware the Conjurer, an amateur OpCj (D:3)
  A sky beast (D:5)
  2 necrophages
  2 ogres
  2 centaurs (D:3)
  2 phantoms
  2 bullfrogs (D:6)
  2 scorpions
  3 wights (D:6)
  3 hounds
  A jelly (D:5)
  3 iguanas
  An orc wizard (D:6)
  A hound skeleton (D:4)
  12 gnolls
  A howler monkey skeleton (D:5)
  3 adders
  2 white imps (D:4)
  4 worms
  A dart slug (D:3)
  9 orcs
  7 ball pythons
  9 bats
  9 endoplasms
  3 giant cockroaches
  7 hobgoblins
  4 jackals (D:1)
  7 kobolds
  6 quokkas
  A frilled lizard (D:3)
  13 goblins
  A goblin skeleton (D:4)
  A goblin zombie (D:4)
  2 hobgoblin zombies (D:4)
  A kobold skeleton (D:4)
  An orc skeleton (D:4)
  6 rats
137 creatures vanquished.

Vanquished Creatures (others)
  12 plants (D:3)
12 creatures vanquished.

Grand Total: 149 creatures vanquished

Notes
Turn   | Place    | Note
-------+----------+-------------------------------------------
     0 | D:1      | Cape the Minotaur Berserker began the quest for the Orb.
     0 | D:1      | Reached XP level 1. HP: 19/19 MP: 0/0
   125 | D:1      | Reached XP level 2. HP: 27/27 MP: 1/1
   247 | D:1      | Reached skill level 4 in Axes
   346 | D:1      | Reached ** piety under Trog
   544 | D:1      | Reached XP level 3. HP: 26/33 MP: 2/2
   750 | D:1      | Found a faded altar of an unknown god.
  1776 | D:2      | Reached XP level 4. HP: 38/40 MP: 3/3
  2271 | D:3      | Noticed a centaur
  2305 | D:3      | Killed a centaur
  2306 | D:3      | Reached skill level 5 in Axes
  2306 | D:3      | Reached XP level 5. HP: 27/47 MP: 4/4
  2896 | D:3      | Noticed Sigmund
  2952 | D:3      | Killed Sigmund
  2953 | D:3      | Reached skill level 5 in Fighting
  2953 | D:3      | Reached XP level 6. HP: 56/56 MP: 5/5
  2958 | D:3      | Reached skill level 6 in Axes
  3204 | D:3      | Found a runed translucent gate.
  3204 | D:3      | Found a runed translucent gate.
  3205 | D:3      | Found a runed translucent gate.
  3207 | D:3      | Found an opulent altar of Gozag.
  3209 | D:3      | Noticed raistware's ghost (amateur OpCj)
  3236 | D:3      | Killed raistware's ghost
  3240 | D:3      | Reached XP level 7. HP: 43/61 MP: 6/6
  3889 | D:3      | Found a burning altar of Makhleb.
  4262 | D:3      | Reached *** piety under Trog
  4263 | D:3      | Reached skill level 7 in Axes
  4502 | D:4      | Reached skill level 5 in Armour
  4856 | D:4      | Found a shimmering altar of Xom.
  4882 | D:4      | Found a glowing golden altar of the Shining One.
  5283 | D:4      | Reached skill level 5 in Dodging
  5484 | D:5      | Entered Level 5 of the Dungeon
  5524 | D:5      | Reached XP level 8. HP: 55/70 MP: 7/7
  5673 | D:5      | Found a staircase to the Ecumenical Temple.
  5704 | D:5      | Reached skill level 8 in Axes
  5852 | D:5      | Found Nywes's Magic Scroll Emporium.
  5855 | D:5      | Bought a scroll of immolation for 42 gold pieces
  5855 | D:5      | Bought a scroll of fear for 42 gold pieces
  5855 | D:5      | Bought a scroll of noise for 12 gold pieces
  5855 | D:5      | Bought a scroll of blinking for 90 gold pieces
  5855 | D:5      | Bought a scroll of identify for 24 gold pieces
  5855 | D:5      | Bought a scroll of identify for 24 gold pieces
  6436 | D:6      | Noticed Duvessa
  6436 | D:6      | Noticed Dowan
  6524 | D:6      | Reached skill level 9 in Axes
  7146 | D:6      | Found a white marble altar of Elyvilon.
  7212 | D:6      | Slain by an orc warrior

Illustrated notes

Levels and vault maps discovered:
D:1:      scummos_arrival_hexagon, layout_rooms,
          chequers_ecumenical_altar_simple, fountainhead
D:2:      layout_basic, minmay_misc_feat_cross
D:3:      layout_basic, mainiacjoe_overflow_catwalk, ebering_ghost_gozag,
          corexii_shack, chequers_serial_rivers_micro_e, chequers_big_river,
          uniq_sigmund
D:4:      layout_basic, lemuel_crystal_altar, nicolae_tso_besieged_by_evil,
          kennysheep_another_room
D:5:      layout_rooms, minmay_temple_entry_junction_2, serial_shops,
          nicolae_shop_window_shopping
D:6:      layout_layer_cave, elyvilon_altar_5, hangedman_abyss_or_decor_stabs,
          uniq_duvessa

Skill      XL: |  1  2  3  4  5  6  7  8 |
---------------+-------------------------+-----
Fighting       | 4 5 6 7 |  7.2
Axes           | 4 5 6 7 9 |  9.4
Armour         | 3 4 5 6 |  6.7
Dodging        | 3 4 5 6 |  6.1

Action                   |  1- 3 |  4- 6 |  7- 9 || total
-------------------------+-------+-------+-------++-------
Melee: Hand axe          |    85 |    56 |   164 ||   305
       Headbutt          |    13 |     7 |    35 ||    55
       Falchion          |       |       |    24 ||    24
Invok: Berserk           |       |     3 |     3 ||     6
  Use: Potion            |       |       |     4 ||     4
       Scroll            |       |       |     2 ||     2
Armor: Animal skin       |    16 |       |       ||    16
       Leather armour    |     3 |    12 |    19 ||    34
       Ring mail         |       |       |     8 ||     8
Dodge: Dodged            |    61 |    48 |   125 ||   234
Block: Buckler           |       |       |    10 ||    10
